 Dungeon Crawl Stone Soup version 0.29-a0-529-gfa20dd96a1 (webtiles) character file.

Game seed: 1367527302642324962

623 happo123 the Sneak (level 7, -8/40 HPs)
             Began as a Kobold Enchanter on June 2, 2022.
             Was an Initiate of Dithmenos.
             Mangled by a shadow (24 damage)
             ... on level 5 of the Dungeon.
             The game lasted 00:12:32 (4665 turns).

happo123 the Sneak (Kobold Enchanter)               Turns: 4665, Time: 00:12:33

Health: -8/40      AC:  3    Str:  6    XL:     7   Next: 75%
Magic:  8/12       EV: 16    Int: 18    God:    Dithmenos [......]
Gold:   247        SH:  0    Dex: 15    Spells: 4/12 levels left

rFire   . . .      SeeInvis .   a - +1 dagger
rCold   . . .      Faith    .   (no shield)
rNeg    . . .      Spirit   .   b - +0 robe
rPois   .          Reflect  .   p - +0 helmet
rElec   .          Harm     .   (no cloak)
rCorr   +          Rampage  .   (no gloves)
Will    .....                   (no boots)
Stlth   ++++......              q - amulet of regeneration
HPRegen 0.93/turn               l - ring of resist corrosion
MPRegen 0.13/turn               (no ring)

@: confusing by touch
A: small, no large weapons, nightstalker 3
a: Renounce Religion


You were on level 5 of the Dungeon.
You worshipped Dithmenos.
Dithmenos was noncommittal.
You visited 2 branches of the dungeon, and saw 6 of its levels.

You collected 247 gold pieces.

Inventory:

Hand Weapons
 a - a +1 dagger (weapon)
 C - a +7 hand axe
Armour
 b - a +0 robe (worn)
 p - a +0 helmet (worn)
Magical Staves
 D - a staff of conjuration
Jewellery
 l - a ring of resist corrosion (left hand)
 q - an amulet of regeneration (around neck)
 w - an amulet of guardian spirit
Wands
 u - a wand of digging (5)
Scrolls
 d - 3 scrolls of amnesia {unknown}
 e - a scroll of vulnerability {unknown}
 f - a scroll of brand weapon {unknown}
 k - 2 scrolls of fog {unknown}
 m - a scroll of blinking {unknown}
 n - a scroll of torment {unknown}
 s - 2 scrolls of enchant weapon {unknown}
 y - 2 scrolls of identify {unknown}
 A - a scroll of teleportation {unknown}
Potions
 c - 4 potions of invisibility
 g - 2 potions of flight {unknown}
 h - a potion of ambrosia {unknown}
 i - a potion of resistance {unknown}
 j - 2 potions of haste {unknown}
 o - a potion of heal wounds {unknown}
 r - 2 potions of mutation {unknown}
 t - a potion of berserk rage {unknown}
 v - a potion of magic {unknown}
 x - 2 potions of brilliance {unknown}
 z - a potion of curing {unknown}
 B - a potion of attraction {unknown}


   Skills:
 + Level 2.6 Fighting
 + Level 3.7 Short Blades
 + Level 4.0 Dodging
 + Level 5.6 Stealth
 + Level 3.4 Spellcasting
 + Level 1.4 Conjurations
 * Level 5.1 Hexes
 + Level 1.1 Invocations


You had 4 spell levels left.
You knew the following spells:

 Your Spells              Type           Power      Damage    Failure   Level
a - Ensorcelled Hibernat  Hex/Ice        24%        N/A       9%          2
b - Confusing Touch       Hex            21%        N/A       6%          3
c - Tukima's Dance        Hex            21%        N/A       6%          3

Your spell library contained the following spells:

 Spells                   Type           Power      Damage    Failure   Level
 Dazzling Flash           Conj/Hex       28%        N/A       12%         3
 Static Discharge         Conj/Air       5%         N/A       19%         2
 Sticky Flame             Conj/Fire      5%         2d3       75%         4
 Dispel Undead            Necr           3%         3d7       83%         4


Dungeon Overview and Level Annotations

Branches:
Dungeon (5/15)             Temple (1/1) D:4

Altars:
Ashenzari
Cheibriados
Dithmenos
Elyvilon
Fedhas
Gozag
Kikubaaqudgha
Makhleb
Nemelex Xobeh
Okawaru
Qazlal
Ru
Sif Muna
Trog
Uskayaw
Vehumet
Wu Jian
Yredelemnul
The Shining One


Innate Abilities, Weirdness & Mutations

You are small and have problems with some larger weapons.
You are completely attuned to the shadows.


Message History

Dithmenos accepts your kill.
d - 3 scrolls labelled NOCVARHEOSA (gained 1)
x - 2 dark potions (gained 1)
You now have 247 gold pieces (gained 11).
Found a stone staircase leading down.
A shadow comes into view.
Found a ruby potion.
A shadow comes into view.
The shadow moves out of view.
The helpless shadow fails to defend itself.
You impale the shadow!!
The shadow is almost destroyed.
The shadow hits you!
You hit the shadow.
You destroy the shadow!
Dithmenos accepts your kill.
Your Dodging skill increases to level 4!
Your Hexes skill increases to level 5!
Your Invocations skill increases to level 1!
You closely miss the shadow. The shadow hits you.
You hit the shadow but do no damage. The shadow barely misses you.
You hit the shadow but do no damage. You barely miss the shadow.
The shadow slips into darkness.
The shadow flickers and vanishes!
Deactivating autopickup; reactivate with Ctrl-A.
You hit something but do no damage.
The shadow strikes at you from the darkness!
Reactivating autopickup.
Casting: Ensorcelled Hibernation (safe; 9% risk of failure)
Confirm with . or Enter, or press ? or * to list all spells.
Your hands begin to glow red.
The shadow hits you!
You hit the shadow but do no damage.
The shadow slips into darkness.
The shadow flickers and vanishes!
Deactivating autopickup; reactivate with Ctrl-A.
You closely miss something.
The shadow strikes at you from the darkness!
Ouch! That really hurt!
You die...

#.... ######.###
..#....<#
###.#####.### #.
##.#.#####.... #.
##.#..#........ #.
#.###.##(......
#{####.#..##.####.#
#.@.#.###.##.###..#
##!#.#.#..##.......
########.##......>
#.##.......
#..........
####.......
#....... #>......
########


There were no monsters in sight!

Vanquished Creatures
  A shadow (D:5)
  An ogre (D:4)
  A phantom (D:4)
  A howler monkey (D:3)
  2 hounds
  An orc priest (D:4)
  2 iguanas (D:4)
  3 gnolls (D:4)
  4 adders
  An ufetubus (D:4)
  A worm (D:3)
  3 dart slugs
  3 orcs
  7 bats
  10 endoplasms
  3 giant cockroaches
  2 hobgoblins (D:4)
  8 kobolds
  4 quokkas
  5 ball pythons
  6 frilled lizards
  5 goblins
  3 rats
77 creatures vanquished.

Vanquished Creatures (collateral kills)
  An endoplasm (D:4)
1 creature vanquished.

Vanquished Creatures (others)
  A dancing weapon (D:4)
  A plant (D:5)
2 creatures vanquished.

Grand Total: 80 creatures vanquished

Notes
Turn   | Place    | Note
-------+----------+-------------------------------------------
     0 | D:1      | happo123 the Kobold Enchanter began the quest for the Orb.
     0 | D:1      | Reached XP level 1. HP: 10/10 MP: 3/3
   368 | D:1      | Reached XP level 2. HP: 16/16 MP: 5/5
   371 | D:1      | Learned a level 2 spell: Ensorcelled Hibernation
  1159 | D:2      | Reached XP level 3. HP: 20/20 MP: 1/6
  1163 | D:2      | Learned a level 3 spell: Confusing Touch
  2047 | D:2      | Reached skill level 1 in Fighting
  2225 | D:2      | Reached XP level 4. HP: 25/25 MP: 7/7
  2905 | D:3      | Identified the +0 helmet of the Game Afoot {*Corrode Str+7
                  | Dex+4 Slay-4}
  3118 | D:3      | Reached XP level 5. HP: 29/29 MP: 5/8
  3263 | D:3      | Found a glowing golden altar of the Shining One.
  3575 | D:4      | Noticed a phantom
  3585 | D:4      | Killed a phantom
  3586 | D:4      | Reached skill level 5 in Stealth
  3586 | D:4      | Reached XP level 6. HP: 25/35 MP: 10/10
  3597 | D:4      | Learned a level 3 spell: Tukima's Dance
  3826 | D:4      | Noticed an ogre
  3830 | D:4      | Killed an ogre
  3879 | D:4      | Found a staircase to the Ecumenical Temple.
  3885 | Temple   | Entered the Ecumenical Temple
  4115 | Temple   | Became a worshipper of Dithmenos the Shadowed
  4145 | D:4      | Reached XP level 7. HP: 31/40 MP: 4/11
  4272 | D:4      | Found a radiant altar of Vehumet.
  4275 | D:4      | Reached skill level 1 in Conjurations
  4316 | D:4      | Found a stormy altar of Qazlal.
  4545 | D:5      | Entered Level 5 of the Dungeon
  4653 | D:5      | Noticed a shadow
  4655 | D:5      | Noticed a shadow
  4657 | D:5      | Killed a shadow
  4658 | D:5      | Reached skill level 5 in Hexes
  4658 | D:5      | Reached skill level 1 in Invocations
  4665 | D:5      | Mangled by a shadow

Illustrated notes

Levels and vault maps discovered:
D:1:      sevenhm_arrival_forest_fort_large_3, layout_basic, st_stairs_7
D:2:      layout_basic
D:3:      layout_rooms, nicolae_overflow_crystal_walls
D:4:      layout_rooms, mainiacjoe_overflow_surrounded_room,
          mainiacjoe_overflow_chevrons, minmay_temple_entry_ruins, hex_tiny
D:5:      layout_loops_ring, nicolae_hepliaklqana_ecumenical_no_more,
          serial_shops, kennysheep_mini, grunt_ministairs_11,
          nicolae_shop_unique_rings, minmay_small_thing, uniq_edmund
Temple:   eino_temple_rhombus

Skill      XL: |  1  2  3  4  5  6  7 |
---------------+----------------------+-----
Short Blades   | 2 3 |  3.7
Fighting       | 1 2 |  2.6
Dodging        | 3 4 |  4.0
Hexes          | 4 5 |  5.1
Stealth        | 5 |  5.6
Spellcasting   | 3 |  3.4
Conjurations   | 1 |  1.4
Invocations    | 1 |  1.1

Action                   |  1- 3 |  4- 6 |  7- 9 || total
-------------------------+-------+-------+-------++-------
Melee: Dagger            |    45 |    80 |    20 ||   145
       Hand axe          |       |       |     9 ||     9
 Cast: Ensorcelled Hiber |     9 |    19 |     2 ||    30
       Tukima's Dance    |       |     3 |       ||     3
       Confusing Touch   |       |     1 |     2 ||     3
 Stab: Sleeping          |    20 |    35 |     6 ||    61
       Distracted        |       |     1 |       ||     1
       Confused          |       |       |     1 ||     1
Armor: Robe              |     6 |     9 |     1 ||    16
Dodge: Dodged            |    22 |    54 |    13 ||    89

Table legend: (Time is in decaauts)
 A = Elapsed time spent in this place.
 B = Non-inter-level travel time spent in this place.
 C = Inter-level travel time spent in this place.
 D = Time resting spent in this place.
 E = Time spent auto-exploring this place.
 F = Levels seen in this place.
 G = Mean time per level.
                   A        B        C        D        E       F      G
               +--------+--------+--------+--------+--------+-----+--------+
         Total |   4647 |   4394 |    253 |     71 |   3695 |   6 |  774.5 |
       Dungeon |   4410 |   4188 |    222 |     71 |   3507 |   5 |  882.0 |
        Temple |    236 |    205 |     31 |      0 |    188 |   1 |  236.0 |
               +--------+--------+--------+--------+--------+-----+--------+

Top non-repeatable levels by time:
     D:2: 1842 daAuts
     D:1: 1040 daAuts
     D:4: 760 daAuts
     D:3: 649 daAuts
  Temple: 236 daAuts
     D:5: 118 daAuts
